Description

TvZ 3cc into BC Mech

Replay - Dream v RagnaroK - Deathaura LE

Build Order

Get SALT Encoding   

  12  0:00  SCV  
  13  0:12  SCV  
  14  0:17  Supply Depot  
  14  0:24  SCV  
  15  0:38  SCV  
  15  0:40  Barracks  
  15  0:42  Refinery  
  16  0:50  SCV  
  17  1:02  SCV  
  18  1:15  SCV  
  19  1:26  Reaper  
  19  1:27  Orbital Command  
  20  1:37  Command Center  
  20  1:52  SCV  
  20  1:53  Supply Depot  
  21  1:58  Marine  
  22  2:02  Factory  
  22  2:04  SCV  
  23  2:16  SCV  
  23  2:20  Barracks Reactor  
  25  2:36  Command Center  
  26  2:49  Orbital Command  
  26  2:57  Starport  
  27  3:03  Refinery  
  28  3:09  Hellion x2  
  34  3:26  Refinery  
  33  3:30  Hellion  
  38  3:42  Fusion Core  
  38  3:47  Hellion x2  
  41  3:54  Orbital Command  
  44  3:59  Starport Tech Lab  
  45  4:09  Refinery  
  47  4:11  Hellion  
  53  4:27  Supply Depot x2  
  53  4:32  Orbital Command  
  53  4:34  Battlecruiser  
  61  4:46  Weapon Refit  
  61  4:50  Supply Depot  
  61  4:51  Hellion x2  
  66  4:59  Refinery  
  67  5:06  Refinery  
  69  5:12  Factory x2  
  73  5:25  Hellion x2  
  80  5:40  Battlecruiser  
  93  6:06  Factory Tech Lab x2  
  98  6:21  Armory x2  
  91  6:49  Battlecruiser  
  97  6:55  Engineering Bay  
  97  6:58  Siege Tank x2  
  106  7:08  Terran Vehicle Weapons Level 1  
  106  7:10  Widow Mine x2, Terran Vehicle And Ship Armor Level 1  
  108  7:22  Command Center  
  108  7:28  Factory x2  
  108  7:30  Siege Tank x2  
  108  7:34  Widow Mine x2  
  118  7:39  Missile Turret x2  
  118  7:47  Mag-Field Accelerator, Infernal Pre-Igniter  
  118  7:49  Missile Turret  
  118  7:55  Battlecruiser  
  124  8:00  Widow Mine x2  
  124  8:03  Cyclone, Siege Tank  
  134  8:14  Factory Tech Lab, Factory Reactor  
  134  8:19  Command Center  
  134  8:23  Sensor Tower  
  138  8:34  Factory x3  
  138  8:39  Siege Tank  
  141  8:53  Cyclone  
  141  8:54  Siege Tank  
  151  9:00  Missile Turret  
  153  9:08  Planetary Fortress, Terran Vehicle Weapons Level 2  
  156  9:21  Terran Vehicle And Ship Armor Level 2, Refinery x2  
  161  9:29  Factory Reactor  
  165  9:33  Factory Tech Lab x2  
  165  9:34  Cyclone  
  168  9:48  Cyclone x2  
  178  9:58  Starport Reactor  
Spawning Tool Build Advisor. Get it on Overwolf

Go to:

Details

  • Created by: JimPanzee
  • Published on: Jun 25, 2025
  • Modified on: Jun 25, 2025
  • Patch: 5.0.11
  • Difficulty: Medium
Show
View Real Time Build Order
Export as new Build Order

Comments (0)

There are no comments. Be the first!

Create an account to comment!